 Dungeon Crawl Stone Soup version 0.18-a0-1788-g92de1ac (webtiles) character file.

25 macross the Sneak (level 2, -8/15 HPs)
             Began as a Spriggan Assassin on Apr 21, 2016.
             Was an Initiate of Sif Muna.
             Mangled by a gnoll (9 damage)
             ... on level 3 of the Dungeon.
             The game lasted 00:05:16 (1254 turns).

macross the Sneak (Spriggan Assassin)               Turns: 1254, Time: 00:05:16

Health: -8/15      AC:  4    Str:  7    XL:     2   Next: 82%
Magic:  3/3        EV: 17    Int: 12    God:    Sif Muna [......]
Gold:   16         SH:  0    Dex: 17    Spells: 0 memorised, 1 level left

rFire  . . .     SeeInvis +     a - +2 dagger
rCold  . . .     Gourm    .     j - +0 robe
rNeg   . . .     Faith    .     (shield restricted)
rPois  .         Spirit   .     (helmet restricted)
rElec  .         Dismiss  .     n - +1 cloak
rCorr  .         Reflect  .     (gloves unavailable)
SustAt .         Harm     .     (boots unavailable)
MR     .....                    i - amulet of magic regeneration
Stlth  +++++.....               (no ring)
                                p - ring of stealth

@: very quick, not resistant to hostile enchantments, quite stealthy
A: unfitting armour, see invisible, herbivore 3, speed 3, slow metabolism 2
a: Renounce Religion


You were on level 3 of the Dungeon.
You worshipped Sif Muna.
Sif Muna was noncommittal.
You were not hungry.

You visited 1 branch of the dungeon, and saw 3 of its levels.

You collected 16 gold pieces.

Inventory:

Hand Weapons
 a - a +2 dagger (weapon)
 b - a +0 blowgun
Missiles
 e - 8 poisoned needles
 f - 2 curare-tipped needles
Armour
 c - a +0 robe
 d - a +0 cloak
 j - a +0 robe (worn)
 n - a +1 cloak (worn)
Jewellery
 i - an amulet of magic regeneration (around neck)
 p - a ring of stealth (left hand)
Scrolls
 h - a scroll of recharging
Potions
 k - a potion of flight {unknown}
 l - 2 potions of heal wounds {unknown}
 m - a potion of curing {unknown}
 o - a potion of agility {unknown}
Comestibles
 g - a bread ration


   Skills:
 * Level 1.7 Fighting
 + Level 2.1 Short Blades
 + Level 2.0 Throwing
 + Level 1.5 Dodging
 - Level 7.1 Stealth


You had one spell level left.
You didn't know any spells.

Dungeon Overview and Level Annotations

Branches:
Dungeon (3/15)

Altars:
Dithmenos
Nemelex Xobeh
Sif Muna


Innate Abilities, Weirdness & Mutations

You are tiny and cannot use many weapons and most armour.
You have supernaturally acute eyesight.
You are a herbivore.
You cover ground extremely quickly.
You need consume almost no food.


Message History

You barely miss the gnoll.
The gnoll is lightly wounded.
The gnoll closely misses you.
You hit the gnoll.
The gnoll is moderately wounded.
You hit the gnoll.
The gnoll is moderately wounded.
The gnoll hits you.
You hit the gnoll.
The gnoll is heavily wounded.
The gnoll misses you.
You closely miss the gnoll.
The gnoll is heavily wounded.
The gnoll closely misses you. The gnoll hits you.
* * * LOW HITPOINT WARNING * * *
You hit the gnoll but do no damage.
The gnoll is heavily wounded.
The gnoll hits you!
Ouch! That really hurt!
You die...

####.# #...####..#
#.# #.........# #.#
#.........# #.#
#.........# #.#
########..# ###'###
#..#
##.....#########..#
.......##......#..#
.......##.####.#@.#
#.#.o .......##.#
#...gg# # ...# #
.......##.# #..#.##
#. ..###
.......##.###..#.#
#.# #..#.
.######........#.#
###..##.... .#
#.#.###.##.#
#.......... .#
#.#.# #.##.# #.
#...... .# #.#.#
#.##.# #.####...g.
.# #.#.# #.##.#
#..##.g....


You could see 2 gnolls.

Vanquished Creatures
  An adder (D:2)
  2 giant geckos (D:3)
  A giant cockroach (D:2)
  4 hobgoblins
  2 kobolds
  A ball python (D:3)
  A bat (D:2)
  2 rats (D:3)
14 creatures vanquished.

Notes
Turn   | Place    | Note
--------------------------------------------------------------
     0 | D:1      | macross the Spriggan Assassin began the quest for the Orb.
     0 | D:1      | Reached XP level 1. HP: 10/10 MP: 2/2
    71 | D:2      | Reached skill level 6 in Stealth
   108 | D:2      | Reached XP level 2. HP: 15/15 MP: 3/3
   447 | D:2      | Found a deep blue altar of Sif Muna.
   469 | D:2      | Became a worshipper of Sif Muna the Loreminder
  1031 | D:3      | Found a sparkling altar of Nemelex Xobeh.
  1047 | D:3      | Reached skill level 7 in Stealth
  1177 | D:3      | Found a shadowy altar of Dithmenos.
  1254 | D:3      | Mangled by a gnoll

Vault maps used:
D:1:      roderic_dead_forest, minmay_misc_feat_iff
D:2:      lightli_temple_of_fire, minmay_misc_feat_rows, nrook_uturn,
          led_sif_pool
D:3:      nicolae_dithmenos_shadow_blocks, nicolae_overflow_hidden_temple,
          makhleb_altar_promises_db

Skill      XL: |  1  2 |
---------------+-------+-----
Stealth        | 6 7 |  7.1
Fighting       | |  1.7
Short Blades   | |  2.1
Throwing       | |  2.0
Dodging        | |  1.5

Action                   || total
-------------------------++-------
Melee: Dagger            ||    43
  Use: Scroll            ||     3
 Stab: Sleeping          ||     7
Armor: Robe              ||     2
Dodge: Dodged            ||    27
